 Dungeon Crawl Stone Soup version 0.26-a0-663-g36e8fdb655 (webtiles) character file.

Game seed: 3803265741091161508

4249 Peloso the Carver (level 10, -3/86 HPs)
             Began as a Minotaur Fighter on Oct 10, 2020.
             Was a Believer of Okawaru.
             Slain by a sixfirhy (9 damage)
             ... in a Gauntlet.
             The game lasted 00:22:08 (10059 turns).

Peloso the Carver (Minotaur Fighter)               Turns: 10059, Time: 00:22:09

Health: -3/86      AC: 15    Str: 23    XL:     10   Next: 9%
Magic:  8/9        EV:  8    Int:  5    God:    Okawaru [**....]
Gold:   503        SH: 12    Dex: 14    Spells: 9/9 levels left

rFire    + . .     SeeInvis .   a - +0 long sword
rCold    . . .     Faith    +   c - +0 kite shield
rNeg     . . .     Spirit   .   E - +2 chain mail {rF+}
rPois    .         Reflect  .   (helmet restricted)
rElec    .         Harm     .   m - scarf {+Inv}
rCorr    +         Rampage  .   v - +0 pair of gloves {Dex+3}
MR       .....     NoTele   +   e - +0 pair of boots
Stlth    ..........             G - amulet of faith
HPRegen  0.24/turn              x - ring of resist corrosion
MPRegen  0.11/turn              (no ring)

@: no status effects
A: retaliatory headbutt, horns 2
a: Heroism, Renounce Religion, Evoke Invisibility


You were in a Gauntlet.
You worshipped Okawaru.
Okawaru was pleased with you.
You visited 2 branches of the dungeon, and saw 11 of its levels.
You also visited: Gauntlet.

You collected 529 gold pieces.
You spent 26 gold pieces at shops.

Inventory:

Hand Weapons
 a - a +0 long sword (weapon)
 b - a +1 vampiric rapier
Missiles
 u - 61 bolts
Armour
 c - a +0 kite shield (worn)
 e - a +0 pair of boots (worn)
 m - a scarf of invisibility (worn)
 v - a +0 pair of gloves of dexterity (worn)
 C - the +1 pair of boots of Ypyzey {rElec Str-4 Int+3 Dex+5}
   (You found it on level 7 of the Dungeon)

   It affects your strength (-4).
   It affects your intelligence (+3).
   It affects your dexterity (+5).
   It insulates you from electricity.
 E - a +2 chain mail of fire resistance (worn)
Jewellery
 h - an uncursed amulet of reflection
 x - a ring of resist corrosion (left hand)
 y - an uncursed ring of wizardry
 z - an uncursed amulet of magic regeneration
 G - an amulet of faith (around neck)
Wands
 g - a wand of paralysis (7)
 r - a wand of random effects (10)
 F - a wand of flame (13)
Scrolls
 i - a scroll of fog
 j - 6 scrolls of teleportation
 k - a scroll of fear
 n - a scroll of magic mapping
 o - a scroll of amnesia
 p - 7 scrolls of identify
 q - 2 scrolls of remove curse
 s - a scroll of silence {unknown}
 w - 2 scrolls of immolation {unknown}
Potions
 d - a potion of flight
 f - 2 potions of cancellation
 l - 3 potions of heal wounds
 t - 2 potions of curing
 A - a potion of magic {unknown}
 B - a potion of lignification {unknown}
 D - 3 potions of invisibility {unknown}
 H - a potion of brilliance {unknown}


   Skills:
 + Level 7.3 Fighting
 + Level 10.3 Long Blades
 + Level 8.7 Armour
 + Level 2.3 Dodging
 + Level 0.9 Stealth
 + Level 10.3 Shields


You had 9 spell levels left.
You didn't know any spells.
Your spell library contained the following spells:

 Spells                   Type           Power        Failure   Level
 Corona                   Hex            #......      99%         1
 Slow                     Hex            #.......     100%        2
 Confusing Touch          Hex            #.......     100%        3
 Gell's Gravitas          Tloc           #.........   100%        3
 Inner Flame              Hex/Fire       #.......     100%        3
 Portal Projectile        Hex/Tloc       #.....       100%        3
 Cause Fear               Hex            #.........   100%        4
 Leda's Liquefaction      Hex/Erth       #.........   100%        4
 Petrify                  Tmut/Erth      #.......     100%        4
 Metabolic Englaciation   Hex/Ice        #.........   100%        5
 Yara's Violent Unravell  Hex/Tmut       #.........   100%        5


Dungeon Overview and Level Annotations

Branches:
Dungeon (12/15)            Temple (1/1) D:7         Gauntlet (1/1)
   Lair: D:8-11         Orc: D:9-12

Altars:
Ashenzari
Cheibriados
Dithmenos
Elyvilon
Fedhas
Gozag
Kikubaaqudgha
Makhleb
Okawaru
Ru
Sif Muna
Trog
Wu Jian
Xom
Zin
The Shining One

Shops:
D:4 [   D:5 [   D:7 (   D:8 *

Annotations:
D:6 2 transporters, tensugalgo's ghost, novice TrHu Gauntlet 10 transporters


Innate Abilities, Weirdness & Mutations

You reflexively headbutt those who attack you in melee.
You have a pair of horns on your head.


Message History

You block the sixfirhy's attack. x2; The sixfirhy hits you!
* * * LOW HITPOINT WARNING * * *
The sixfirhy shocks you!
* * * LOW HITPOINT WARNING * * *
Unknown command.
You feel much better.
You feel like a meek peon again. The sixfirhy barely misses you.
You furiously retaliate!
You headbutt the sixfirhy. The sixfirhy hits you. The sixfirhy shocks you!
* * * LOW HITPOINT WARNING * * *
You block the sixfirhy's attack. x2
The sixfirhy hits you but does no damage.
The sixfirhy hits you.
* * * LOW HITPOINT WARNING * * *
The sixfirhy shocks you!
* * * LOW HITPOINT WARNING * * *
The sixfirhy hits you.
* * * LOW HITPOINT WARNING * * *
The sixfirhy shocks you!
You die...

###########################
..........≈∩≈............≈###
....©.............©.......#8#
##########...###########..###
......#53#...#...3.....#..#
.....#..5#.∩.#.#.....#.#..###
#....#..5#...#..#####..#..#8#
.##.#©...#...#..##.##..#..###
...###...#...#..@3©....#..#
....#.##.#...#.3##^##..#..###
...#.. .##...#.^#####^.#..#8#
...# 5...#...#.#.....#3#..###
..#. !..[#...#.3=3©!"33#..#
#..§## ########..### ..≈§§
#.©.#.....#8# .≈8§§
.#...#.8...### .©.#.....#


You could see 2 sixfirhies.

Vanquished Creatures
  Grinder (D:5)
  Sigmund (D:2)
  Eustachio (D:5)
  A water moccasin (D:5)
  2 ice beasts
  3 orc warriors
  A sky beast (D:8)
  5 ogres
  4 phantoms
  2 centaurs
  5 bullfrogs
  Blork the orc (D:4)
  3 scorpions
  7 killer bees
  A wight (D:5)
  2 howler monkeys (D:5)
  2 bullfrog zombies
  A centaur zombie (D:9)
  3 hounds
  A jelly (D:8)
  6 orc priests
  2 iguanas (D:7)
  10 orc wizards
  5 worker ants
  Robin (D:1)
  8 gnolls
  9 adders
  3 white imps
  An ufetubus (D:5)
  An adder zombie (D:7)
  2 oozes
  2 worms
  A dart slug (D:2)
  4 leopard geckos
  31 orcs
  2 bats
  5 giant cockroaches
  19 goblins
  8 hobgoblins
  16 jackals
  8 kobolds
  3 quokkas
  A ball python (D:1)
  8 frilled lizards
  A jackal skeleton (D:4)
  2 leopard gecko zombies
  A quokka skeleton (D:4)
  10 rats
217 creatures vanquished.

Vanquished Creatures (others)
  A plant (Temple)
1 creature vanquished.

Grand Total: 218 creatures vanquished

Notes
Turn   | Place    | Note
-------+----------+-------------------------------------------
     0 | D:1      | Peloso the Minotaur Fighter began the quest for the Orb.
     0 | D:1      | Reached XP level 1. HP: 19/19 MP: 0/0
   164 | D:1      | Reached XP level 2. HP: 19/27 MP: 1/1
   789 | D:1      | Reached XP level 3. HP: 33/33 MP: 2/2
   968 | D:2      | Noticed Robin
   987 | D:1      | Killed Robin
  1320 | D:2      | Reached XP level 4. HP: 23/40 MP: 3/3
  1464 | D:1      | Reached skill level 1 in Dodging
  1867 | D:2      | Noticed Sigmund
  1881 | D:2      | Killed Sigmund
  1881 | D:2      | Reached skill level 5 in Fighting
  1881 | D:2      | Reached skill level 5 in Armour
  1881 | D:2      | Reached XP level 5. HP: 34/48 MP: 4/4
  1881 | D:2      | Reached XP level 6. HP: 40/56 MP: 5/5
  2040 | D:2      | Reached skill level 5 in Long Blades
  2803 | D:3      | Reached skill level 5 in Shields
  3526 | D:4      | Reached XP level 7. HP: 61/61 MP: 6/6
  3747 | D:4      | Found a shimmering altar of Xom.
  4054 | D:4      | Found Mehy's Antique Armour Shoppe.
  4061 | D:4      | Noticed Blork the orc
  4071 | D:4      | Killed Blork the orc
  4651 | D:5      | Entered Level 5 of the Dungeon
  4651 | D:5      | Found Mextun's Antique Armour Shop.
  4726 | D:5      | Found a large runed translucent door.
  4730 | D:5      | Found a large runed translucent door.
  4750 | D:5      | Found a large runed translucent door.
  4750 | D:5      | Found a large runed translucent door.
  4773 | D:5      | Noticed Grinder
  4787 | D:5      | Paralysed by Grinder for 3 turns
  4793 | D:5      | Killed Grinder
  4793 | D:5      | Reached XP level 8. HP: 65/70 MP: 7/7
  5880 | D:6      | Noticed Eustachio
  6091 | D:5      | Killed Eustachio
  6117 | D:5      | Reached XP level 9. HP: 53/78 MP: 8/8
  6744 | D:6      | Found a transporter.
  6748 | D:6      | Found a transporter.
  6751 | D:6      | Noticed tensugalgo's ghost (novice TrHu)
  6893 | D:7      | Found a staircase to the Ecumenical Temple.
  6901 | Temple   | Entered the Ecumenical Temple
  7002 | Temple   | Became a worshipper of Warmaster Okawaru
  7354 | D:7      | Got a pair of twisted boots
  7365 | D:7      | Identified the +1 pair of boots of Ypyzey {rElec Str-4
                  | Int+3 Dex+5} (You found it on level 7 of the Dungeon)
  7877 | D:7      | Found Diluuwk's Weapon Shoppe.
  8174 | D:7      | Reached * piety under Okawaru
  8370 | D:8      | Found Jiuwnih's Assorted Antiques.
  8487 | D:8      | Bought a yellow potion for 26 gold pieces
  8635 | D:8      | Reached skill level 10 in Long Blades
  8911 | D:7      | Reached skill level 10 in Shields
  9620 | D:9      | Reached ** piety under Okawaru
  9620 | D:9      | Reached XP level 10. HP: 69/86 MP: 9/9
  9883 | D:9      | You fall into a shaft and drop 3 floors!
  9895 | D:12     | Found a gate leading to a gauntlet.
  9902 | Gauntlet | Entered a Gauntlet
  9902 | Gauntlet | Found a transporter.
  9902 | Gauntlet | Found a transporter.
  9902 | Gauntlet | Noticed a sixfirhy
  9902 | Gauntlet | Noticed a sixfirhy
  9904 | Gauntlet | Noticed a sixfirhy
  9920 | Gauntlet | Found a transporter.
  9922 | Gauntlet | Found a transporter.
  9926 | Gauntlet | Noticed a thrashing horror
  9926 | Gauntlet | Noticed a thrashing horror
  9932 | Gauntlet | Found a transporter.
  9950 | Gauntlet | Noticed a torpor snail
  9953 | Gauntlet | Found a transporter.
  9959 | Gauntlet | Found a transporter.
  9974 | Gauntlet | Found a transporter.
  9977 | Gauntlet | Noticed a worldbinder
  9988 | Gauntlet | Found a transporter.
  9996 | Gauntlet | Found a transporter.
  9998 | Gauntlet | Noticed a smoke demon
 10013 | Gauntlet | Found a transporter.
 10023 | Gauntlet | Noticed a sixfirhy
 10058 | Gauntlet | HP: 1/86 [sixfirhy (11)]
 10059 | Gauntlet | Slain by a sixfirhy

Illustrated notes

Levels and vault maps discovered:
D:1:      sevenhm_arrival_forest_fort_small_5, layout_loops_ring
D:2:      layout_rooms, uniq_sigmund, uniq_robin
D:3:      layout_basic
D:4:      layout_basic, xom_teletrap_fun, serial_shops, shop, uniq_blork_the_orc
D:5:      layout_gridville, serial_shops, nicolae_shop_statue_plus,
          minmay_hollow_rounded_squares, uniq_grinder
D:6:      layout_rooms, gammafunk_ghost_hive, uniq_eustachio
D:7:      layout_basic, temple_green, serial_shops, nicolae_shop_trees,
          serial_park_tiny_pond, st_stairs_3, kennysheep_generic_room_13
D:8:      layout_basic, serial_shops, shop
D:9:      layout_cross, serial_bayou_pond_d
D:12:     layout_loops_ring, gauntlet_entry_generic, enter_bailey_2
Temple:   kilobyte_greek_temple
Gauntlet: gammafunk_gauntlet_shortcut [nicolae_gauntlet_arena_blocks,
          gammafunk_gauntlet_arena_grid, nicolae_gauntlet_swirl,
          nicolae_gauntlet_arena_grate_2, gammafunk_gauntlet_arena_spirals,
          gammafunk_gauntlet_arena_split_diamond,
          nicolae_gauntlet_exit_dead_adventurers]

Skill      XL: |  1  2  3  4  5  6  7  8  9 |
---------------+----------------------------+-----
Armour         | 4 5 6 7 8 |  8.7
Fighting       | 4 5 6 7 |  7.3
Long Blades    | 3 4 5 7 8 10 | 10.3
Shields        | 4 5 6 8 10 | 10.3
Dodging        | 1 2 |  2.3
Stealth        | |  0.9

Action                   |  1- 3 |  4- 6 |  7- 9 | 10-12 || total
-------------------------+-------+-------+-------+-------++-------
Melee: Long sword        |   113 |   153 |   473 |    27 ||   766
       Headbutt          |    14 |    27 |   117 |     7 ||   165
Invok: Heroism           |       |       |       |     1 ||     1
  Use: Potion            |     1 |     3 |       |     1 ||     5
       Scroll            |       |     4 |     5 |     3 ||    12
Armor: Scale mail        |    56 |    38 |       |       ||    94
       Chain mail        |       |    17 |    10 |     8 ||    35
       Plate armour      |       |       |   175 |       ||   175
Dodge: Dodged            |    43 |    29 |    92 |    10 ||   174
Block: Kite shield       |    69 |   115 |   408 |    18 ||   610
       Reflection        |       |       |     5 |       ||     5
       Rpst.: Long sword |    14 |    12 |    25 |     2 ||    53

Table legend: (Time is in decaauts)
 A = Elapsed time spent in this place.
 B = Non-inter-level travel time spent in this place.
 C = Inter-level travel time spent in this place.
 D = Time resting spent in this place.
 E = Time spent auto-exploring this place.
 F = Levels seen in this place.
 G = Mean time per level.
                   A        B        C        D        E       F      G
               +--------+--------+--------+--------+--------+-----+--------+
         Total |  10175 |   9899 |    276 |   1268 |   6082 |  12 |  847.9 |
       Dungeon |   9594 |   9318 |    276 |   1023 |   5986 |  10 |  959.4 |
        Temple |    426 |    426 |      0 |    245 |     96 |   1 |  426.0 |
      Gauntlet |    154 |    154 |      0 |      0 |      0 |   1 |  154.0 |
               +--------+--------+--------+--------+--------+-----+--------+

Top non-repeatable levels by time:
     D:5: 1503 daAuts
     D:1: 1475 daAuts
     D:3: 1325 daAuts
     D:7: 1213 daAuts
     D:4: 1165 daAuts
     D:8: 1011 daAuts
     D:2: 793 daAuts
     D:6: 753 daAuts
  Temple: 426 daAuts
     D:9: 334 daAuts
Gauntlet: 154 daAuts
    D:12: 18 daAuts
